 Dungeon Crawl Stone Soup version 0.30.1-9-gdf580d7c3d (webtiles) character file.

Game seed: 18412349038735425474

103 lonewolfV2 the Covered (level 4, 0/35 HPs)
             Began as a Demonspawn Fighter on Oct 26, 2023.
             Slain by Sigmund
             ... wielding a +0 scythe
              (5 damage)
             ... on level 2 of the Dungeon.
             The game lasted 00:02:08 (1129 turns).

lonewolfV2 the Covered (Demonspawn Fighter)         Turns: 1129, Time: 00:02:09

Health: 0/35       AC:  8    Str: 18    XL:     4   Next: 51%
Magic:  4/4        EV: 11    Int:  9    God:
Gold:   84         SH:  4    Dex: 13    Spells: 3/3 levels left

rFire   . . .        a - +0 war axe
rCold   . . .        c - +0 buckler
rNeg    . . .        b - +0 scale mail
rPois   .            (no helmet)
rElec   .            g - +0 cloak
rCorr   .            (no gloves)
SInv    .            (no boots)
Will    .....        (no amulet) Stlth
                     l - ring of wizardry
HPRegen 0.25/turn    (no ring)
MPRegen 0.09/turn

%: wizardry (x1)
@: no status effects
A: foul stench 1, sturdy frame 1, demonic touch 1
a: no special abilities


You were on level 2 of the Dungeon.
You visited 1 branch of the dungeon, and saw 2 of its levels.

You collected 84 gold pieces.

Inventory:

Hand Weapons
 a - a +0 war axe (weapon)
Armour
 b - a +0 scale mail (worn)
 c - a +0 buckler (worn)
 g - a +0 cloak (worn)
Jewellery
 l - a ring of wizardry (left hand)
 m - a ring of willpower
Potions
 d - a potion of might
 e - a potion of brilliance {unknown}
 f - 2 potions of curing
 h - a potion of ambrosia {unknown}
 i - a potion of invisibility {unknown}
 j - a potion of cancellation {unknown}
 k - 2 potions of heal wounds {unknown}


   Skills:
 - Level 3.0 Fighting
 - Level 1.7 Axes
 + Level 3.5 Armour
 * Level 3.1 Dodging
 - Level 2.6 Shields


You had 3 spell levels left.
You didn't know any spells.
Your spell library was empty.

Dungeon Overview and Level Annotations

Branches:
Dungeon (2/15)

Altars:

Annotations:
D:2 Sigmund


Innate Abilities, Weirdness & Mutations

You may rarely emit foul miasma when damaged in melee.
Your movements are slightly less encumbered by armour. (ER -2)
Your touch may inflict minor irresistible damage on your foes.


Message History

You block the hound's attack. You block the jackal's attack.
Something hits you but does no damage.
The jackal bites you but does no damage.
You barely miss the hound. You closely miss the jackal. You hit the jackal.
You kill the jackal!
The hound barely misses you. The jackal misses you.
The hound barely misses you. Something hits you!
The hound bites you but does no damage. You block the jackal's attack.
You hit the hound but do no damage. You hit the jackal.
You kill the jackal!
The hound bites you but does no damage. Something hits you.
The hound bites you but does no damage.
You hit the hound.
The hound is heavily wounded.
You block the hound's attack. x2; Something hits you but does no damage.
You closely miss the hound.
The hound is heavily wounded.
The hound barely misses you. The hound bites you but does no damage.
Something hits you.
You closely miss the hound.
The hound is heavily wounded.
The hound bites you. x2; Something hits you.
You hit the hound.
The hound is almost dead.
The hound bites you but does no damage. x2; Something hits you.
The hound bites you.
* * * LOW HITPOINT WARNING * * *
You slash the hound!
You kill the hound!
Something hits you.
* * * LOW HITPOINT WARNING * * *
Your Dodging skill increases to level 3!
You see here a jackal corpse.
Something hits you but does no damage.
Found a dagger.
Something hits you but does no damage.
You slash something! Something hits you.
* * * LOW HITPOINT WARNING * * *
You barely miss something. Something hits you but does no damage.
You closely miss something. Something hits you.
You die...

#...<..##.# #.... #.
#......##.######....
#..
####....#......#....
#... ...#.#......##.##
#...#######.#.......#.
#....................
#....................
.
#.......†?....#####..
.. .......@......# .#
.......{....>.#
.....<...........
#..#..........###
#....##......## ...#.
?......#
)....#.......# ....
.......#


There were no monsters in sight!

Vanquished Creatures
  A hound (D:2)
  Jessica (D:2)
  A gnoll (D:1)
  An adder (D:2)
  3 bats
  3 endoplasms
  2 giant cockroaches (D:1)
  A goblin (D:2)
  5 jackals
  3 kobolds (D:1)
  A quokka (D:1)
  2 ball pythons (D:1)
  4 frilled lizards
  5 rats (D:1)
33 creatures vanquished.

Notes
Turn   | Place    | Note
-------+----------+-------------------------------------------
     0 | D:1      | lonewolfV2 the Demonspawn Fighter began the quest for the
                  | Orb.
     0 | D:1      | Reached XP level 1. HP: 18/18 MP: 1/1
   275 | D:1      | Reached skill level 1 in Dodging
   334 | D:1      | Gained mutation: You may rarely emit foul miasma when
                  | damaged in melee. [demonic ancestry]
   334 | D:1      | Reached XP level 2. HP: 20/24 MP: 2/2
   617 | D:1      | Gained mutation: Your movements are slightly less
                  | encumbered by armour. (ER -2) [demonic ancestry]
   617 | D:1      | Reached XP level 3. HP: 22/29 MP: 3/3
   808 | D:2      | Noticed Jessica
   814 | D:2      | Killed Jessica
   934 | D:2      | Gained mutation: Your touch may inflict minor irresistible
                  | damage on your foes. [demonic ancestry]
   934 | D:2      | Reached XP level 4. HP: 27/35 MP: 4/4
  1111 | D:2      | Noticed Sigmund
  1129 | D:2      | Slain by Sigmund

Illustrated notes

Levels and vault maps discovered:
D:1:      psy_arrival_statuary, layout_loops_ring, serial_glass,
          glass_columns_a, glass_columns_a
D:2:      layout_basic, uniq_sigmund, uniq_jessica

Skill      XL: |  1  2  3  4 |
---------------+-------------+-----
Dodging        | 1 2 3 |  3.1
Armour         | 3 |  3.5
Fighting       | |  3.0
Axes           | |  1.7
Shields        | |  2.6

Action                     |  1- 3 |  4- 6 || total
---------------------------+-------+-------++-------
  Melee: War axe           |    75 |    15 ||    90
    Use: Scroll            |     2 |       ||     2
 Armour: Scale mail        |    39 |    22 ||    61
  Dodge: Dodged            |    35 |     8 ||    43
  Block: Buckler           |    16 |     6 ||    22
